 Dungeon Crawl Stone Soup version 0.26-a0-1184-g95e395e029 (webtiles) character file.

Game seed: 18398804078922223266

688699 sokol815 the Cryomancer (level 27, -8/241 HPs)
             Began as an Octopode Ice Elementalist on Dec 27, 2020.
             Was an Initiate of Gozag.
             Mangled by an Orb Guardian (23 damage)
             ... while paralysed by a Zot trap
             ... on level 5 of the Realm of Zot.
             The game lasted 04:54:54 (93586 turns).

sokol815 the Cryomancer (OpIE)                     Turns: 93586, Time: 04:54:54

Health: -8/241     AC: 43    Str: 30    XL:     27
Magic:  51/61      EV:  2    Int: 48    God:    Gozag
Gold:   12245      SH:  0    Dex: 15    Spells: 5/56 levels left

rFire    + + .     SeeInvis +   a - +18 lance "Wyrmbane" {slay drac, rPois rF+ rC+ AC+3}
rCold    + + .     Faith    .   N - +5 kite shield {reflect}
rNeg     + + .     Spirit   .   S - +3 hat of Pondering {ponderous, Will+ MP+10 Int+5}
rPois    ∞         Reflect  +   e - amulet "Giafigo" {RegenMP rElec Str+2 Int+4}
rElec    +         Harm     .   Q - ring "Ulav" {*Contam Str+6 Int+4 Slay+5}
rCorr    +         Rampage  .   D - ring "Temioj" {rPois rC+ AC+4}
Will     +++++                  t - ring of Addall {rF+ Str+3 SInv}
Stlth    +++++++...             V - ring of Hatyskah {*Contam Will+ MP+9 Str+9 Dex-2}
HPRegen  0.50/turn              v - ring of the Mage {Wiz Will++ Int+3}
MPRegen  0.62/turn              B - ring of resist corrosion
                                M - ring "Gifitap" {*Corrode rN+ Will+ Int+3}
                                x - ring "Ynorium" {Wiz rElec Str+4 Int+4}

@: paralysed, mighty, statue-form, marked, gold aura, very slightly
contaminated, hasted, invisible, slow
A: almost no armour, stealthy swim, amphibious, 8 rings, constrict 8, camouflage
1, weak 1
}: 3/15 runes: serpentine, barnacled, silver
a: End Transformation, Renounce Religion, Potion Petition, Call Merchant, Bribe
Branch


You were on level 5 of the Realm of Zot.
You worshipped Gozag.
Gozag was extremely pleased with you.
You were a stone statue.
You visited 11 branches of the dungeon, and saw 53 of its levels.
You also visited: Trove and Ice Cave.

You collected 34365 gold pieces.
You spent 11317 gold pieces at shops.
You paid 10803 gold pieces to Gozag.

Inventory:

Hand Weapons
 a - the +18 lance "Wyrmbane" (weapon) {slay drac, rPois rF+ rC+ AC+3}
   (You bought it in a shop on level 12 of the Dungeon)

   It affects your AC (+3).
   It protects you from fire.
   It protects you from cold.
   It protects you from poison.
 b - a +9 dagger of protection
   (You took it off a kobold on level 1 of the Dungeon)
 F - a +9 scimitar of flaming
   (You took it off Azrael on level 1 of the Elven Halls)
Missiles
 m - 20 throwing nets {=f, !d}
Armour
 N - a +5 kite shield of reflection (worn)
   (You took it off Donald on level 4 of the Snake Pit)
 S - the +3 hat of Pondering (worn) {ponderous, Will+ MP+10 Int+5}
   (You took it off Gastronok on level 10 of the Dungeon)

   It affects your intelligence (+5).
   It affects your willpower, your defense against some magical effects.
   It affects your magic capacity (+10).
Magical Staves
 c - an uncursed staff of cold {rC+}
   (You acquired it on level 12 of the Dungeon)
Jewellery
 e - the amulet "Giafigo" (around mantle) {RegenMP rElec Str+2 Int+4}
   (You found it in a treasure trove)

   [amulet of magic regeneration]

   It increases your magic regeneration.
   It affects your strength (+2).
   It affects your intelligence (+4).
   It insulates you from electricity.
 q - an uncursed ring of ice {rC+, rF-}
   (You took it off a necromancer in an ice cave)
 s - the amulet "Molarinu" {Regen+ Int+2}
   (You found it in a treasure trove)

   [amulet of regeneration]

   It affects your intelligence (+2).
   It increases your rate of regeneration.
 t - the ring of Addall (on tentacle) {rF+ Str+3 SInv}
   (You bought it in a shop on level 3 of the Lair of Beasts)

   [ring of see invisible]

   It affects your strength (+3).
   It protects you from fire.
   It lets you see invisible.
 u - the amulet "Kanig" {Acrobat *Drain rElec rN+}
   (You bought it in a shop on level 9 of the Dungeon)

   [amulet of the acrobat]

   It helps you evade while moving and waiting.
   It insulates you from electricity.
   It protects you from negative energy.
   It causes draining when unequipped.
 v - the ring of the Mage (on tentacle) {Wiz Will++ Int+3}
   (You found it on level 5 of the Depths)

   [ring of wizardry]

   It improves your spell success rate.
   It affects your intelligence (+3).
   It affects your willpower, your defense against some magical effects.
 x - the ring "Ynorium" (on tentacle) {Wiz rElec Str+4 Int+4}
   (You bought it in a shop on level 2 of the Snake Pit)

   [ring of wizardry]

   It improves your spell success rate.
   It affects your strength (+4).
   It affects your intelligence (+4).
   It insulates you from electricity.
 z - the ring "Bobaury" {Wiz +Fly rF- rN++ Dex+3}
   (You found it on level 5 of the Depths)

   [ring of wizardry]

   It improves your spell success rate.
   It affects your dexterity (+3).
   It makes you vulnerable to fire.
   It greatly protects you from negative energy.
   It lets you fly.
 A - an uncursed amulet of reflection
   (You found it on level 3 of the Vaults)
 B - a ring of resist corrosion (on tentacle)
   (You found it on level 2 of the Crypt)
 D - the ring "Temioj" (right tentacle) {rPois rC+ AC+4}
   (You bought it in a shop on level 14 of the Dungeon)

   [ring of protection]

   It affects your AC (+4).
   It protects you from cold.
   It protects you from poison.
 M - the ring "Gifitap" (on tentacle) {*Corrode rN+ Will+ Int+3}
   (You found it on level 5 of the Depths)

   [ring of positive energy]

   It affects your intelligence (+3).
   It protects you from negative energy.
   It affects your willpower, your defense against some magical effects.
   It may corrode you when you take damage.
 Q - the ring "Ulav" (left tentacle) {*Contam Str+6 Int+4 Slay+5}
   (You found it on level 5 of the Vaults)

   [ring of strength]

   It affects your strength (+6).
   It affects your intelligence (+4).
   It affects your accuracy and damage with ranged weapons and melee attacks
   (+5).
   It causes magical contamination when unequipped.
 V - the ring of Hatyskah (on tentacle) {*Contam Will+ MP+9 Str+9 Dex-2}
   (You bought it in a shop on level 14 of the Dungeon)

   [ring of willpower]

   It affects your strength (+9).
   It affects your dexterity (-2).
   It affects your willpower, your defense against some magical effects.
   It affects your magic capacity (+9).
   It causes magical contamination when unequipped.
Wands
 j - a wand of iceblast (86)
   (You found it on level 8 of the Dungeon)
 y - a wand of flame (110)
   (You found it on level 8 of the Dungeon)
 G - a wand of disintegration (18)
   (You took it off a yaktaur on level 2 of the Depths)
 J - a wand of acid (35)
   (You found it on level 8 of the Dungeon)
 L - a wand of paralysis (62)
   (You found it on level 7 of the Dungeon)
 O - a wand of digging (17)
   (You found it on level 1 of the Vaults)
 X - a wand of enslavement (35)
   (You found it on level 2 of the Lair of Beasts)
Scrolls
 i - 23 scrolls of magic mapping {!r}
 l - 4 scrolls of enchant armour
 n - 35 scrolls of remove curse
 o - 4 scrolls of fog
 r - 28 scrolls of teleportation
 C - 8 scrolls of amnesia
 E - a scroll of fear
 H - 12 scrolls of blinking {!r}
 U - 8 scrolls of identify
Potions
 d - 9 potions of invisibility
 f - 3 potions of mutation {!q}
 g - 9 potions of might
 h - 7 potions of magic
 k - 14 potions of lignification {!q}
 w - 17 potions of brilliance
 I - 8 potions of flight
 K - 12 potions of haste
 P - 9 potions of resistance
 T - 14 potions of heal wounds
 W - 3 potions of cancellation
 Z - 18 potions of curing
Miscellaneous
 p - a phial of floods
   (You found it on level 5 of the Lair of Beasts)
 R - a condenser vane
   (You found it on level 10 of the Dungeon)
 Y - a lightning rod (4/4)
   (You found it on level 3 of the Lair of Beasts)


   Skills:
 - Level 15.0 Fighting
 - Level 10.0 Short Blades
 - Level 12.0 Polearms
 - Level 15.0 Dodging
 - Level 15.0 Stealth
 - Level 15.0 Shields
 - Level 15.0 Spellcasting
 - Level 10.0 Conjurations
 - Level 6.5 Hexes
 * Level 9.3 Necromancy
 + Level 11.7 Transmutations
 - Level 24.1 Ice Magic
 - Level 23.0 Earth Magic


You had 5 spell levels left.
You knew the following spells:

 Your Spells              Type           Power        Failure   Level
a - Necromutation         Tmut/Necr      47%          14%         8
b - Ignition              Fire           18%          100%        8
e - Ozocubu's Refrigerat  Ice            66%          0%          6
f - Irradiate             Conj/Tmut      48%          1%          5
g - Absolute Zero         Ice            66%          1%          9
h - Statue Form           Tmut/Erth      77%          1%          6
i - Shatter               Erth           65%          1%          9

Your spell library contained the following spells:

 Spells                   Type           Power        Failure   Level
 Animate Skeleton         Necr           100%         0%          1
 Freeze                   Ice            100%         0%          1
 Magic Dart               Conj           100%         0%          1
 Pain                     Necr           100%         0%          1
 Sandblast                Erth           100%         0%          1
 Ensorcelled Hibernation  Hex/Ice        100%         0%          2
 Passwall                 Tmut/Erth      96%          0%          2
 Sublimation of Blood     Necr           45%          0%          2
 Frozen Ramparts          Ice            100%         0%          3
 Ozocubu's Armour         Ice            100%         0%          3
 Stone Arrow              Conj/Erth      100%         0%          3
 Hailstorm                Conj/Ice       100%         0%          4
 Ice Form                 Ice/Tmut       100%         0%          4
 Leda's Liquefaction      Hex/Erth       54%          0%          4
 Petrify                  Tmut/Erth      100%         0%          4
 Borgnjor's Vile Clutch   Necr/Erth      56%          0%          5
 Lee's Rapid Deconstruct  Erth           65%          0%          5
 Apportation              Tloc           72%          1%          1
 Corona                   Hex            86%          1%          1
 Foxfire                  Conj/Fire      100%         1%          1
 Shock                    Conj/Air       100%         1%          1
 Sting                    Tmut/Pois      100%         1%          1
 Summon Small Mammal      Summ           100%         1%          1
 Blink                    Tloc           N/A          1%          2
 Call Imp                 Summ           36%          1%          2
 Corpse Rot               Necr/Air       N/A          1%          2
 Poisonous Vapours        Pois/Air       72%          1%          2
 Slow                     Hex            78%          1%          2
 Swiftness                Air            36%          1%          2
 Call Canine Familiar     Summ           36%          1%          3
 Confusing Touch          Hex            78%          1%          3
 Conjure Flame            Conj/Fire      71%          1%          3
 Dazzling Flash           Conj/Hex       100%         1%          3
 Gell's Gravitas          Tloc           18%          1%          3
 Ignite Poison            Fire/Tmut/Pois 65%          1%          3
 Inner Flame              Hex/Fire       61%          1%          3
 Mephitic Cloud           Conj/Pois/Air  61%          1%          3
 Portal Projectile        Hex/Tloc       100%         1%          3
 Static Discharge         Conj/Air       71%          1%          3
 Summon Guardian Golem    Hex/Summ       61%          1%          3
 Tukima's Dance           Hex            78%          1%          3
 Vampiric Draining        Necr           45%          1%          3
 Airstrike                Air            18%          1%          4
 Animate Dead             Necr           45%          1%          4
 Cause Fear               Hex            39%          1%          4
 Dispel Undead            Necr           90%          1%          4
 Olgreb's Toxic Radiance  Pois           36%          1%          4
 Passage of Golubria      Tloc           N/A          1%          4
 Sticky Flame             Conj/Fire      71%          1%          4
 Summon Ice Beast         Ice/Summ       100%         1%          4
 Summon Lightning Spire   Summ/Air       36%          1%          4
 Agony                    Necr           90%          1%          5
 Alistair's Intoxication  Tmut/Pois      50%          1%          5
 Bolt of Magma            Conj/Fire/Erth 48%          1%          5
 Excruciating Wounds      Necr           45%          1%          5
 Fireball                 Conj/Fire      35%          1%          5
 Iskenderun's Battlesphe  Conj           93%          1%          5
 Lightning Bolt           Conj/Air       35%          1%          5
 Metabolic Englaciation   Hex/Ice        55%          1%          5
 Silence                  Hex/Air        30%          1%          5
 Yara's Violent Unravell  Hex/Tmut       44%          1%          5
 Death Channel            Necr           45%          1%          6
 Freezing Cloud           Conj/Ice/Air   49%          1%          6
 Hydra Form               Tmut           49%          1%          6
 Invisibility             Hex            78%          1%          6
 Simulacrum               Ice/Necr       57%          1%          6
 Dragon Form              Tmut           49%          1%          7
 Lehudib's Crystal Spear  Conj/Erth      57%          1%          8
 Eringya's Noxious Bog    Tmut/Pois      37%          2%          6
 Orb of Destruction       Conj           46%          2%          7
 Conjure Ball Lightning   Conj/Air       35%          3%          6
 Starburst                Conj/Fire      35%          3%          6
 Haunt                    Necr/Summ      34%          21%         7
 Borgnjor's Revivificati  Necr           45%          22%         8
 Infestation              Necr           45%          22%         8
 Dispersal                Tloc           18%          24%         6
 Discord                  Hex            39%          54%         8
 Chain Lightning          Conj/Air       35%          75%         8
 Death's Door             Necr           45%          96%         9
 Disjunction              Tloc           18%          100%        8
 Dragon's Call            Summ           18%          100%        9
 Fire Storm               Conj/Fire      35%          100%        9
 Tornado                  Air            18%          100%        9


Dungeon Overview and Level Annotations

Branches:
Dungeon (15/15)            Temple (1/1) D:7            Lair (6/6) D:9
 Shoals (4/4) Lair:4        Snake (4/4) Lair:3        Slime (0/5) Lair:6
    Orc (2/2) D:11            Elf (3/3) Orc:2        Vaults (5/5) D:14
  Crypt (3/3) Vaults:3       Tomb (0/3) Crypt:3      Depths (5/5) D:15
    Zot (5/5) Depths:5      IceCv (visited)

Altars:
Ashenzari
Cheibriados
Dithmenos
Elyvilon
Fedhas
Gozag
Hepliaklqana
Kikubaaqudgha
Makhleb
Nemelex Xobeh
Okawaru
Qazlal
Ru
Sif Muna
Trog
Uskayaw
Xom
Yredelemnul
Zin
The Shining One
Beogh
Lugonu

Shops:
D:7 (   D:9 =   D:12 (   D:14 ===   Orc:1 (*   Orc:2 *([:   Elf:1 :(}!
Lair:3 =(*:   Shoals:4 [   Snake:2 =}=   Vaults:1 [   Vaults:2 *   Vaults:4 [
Zot:2 **   Depths:4 }}!*(

Portals:
Hell: Lair:6 Depths:1 Depths:2 Depths:3 Depths:4 Depths:5
Abyss: Depths:4
Pandemonium: Depths:2 Depths:3 Depths:4
Ziggurat: Depths:4

Annotations:
Zot:2 2 transporters


Innate Abilities, Weirdness & Mutations

You cannot wear most types of armour.
You are very stealthy in the water. (Stealth+)
You are amphibious.
You can wear up to eight rings at the same time.
You can use your tentacles to constrict eight enemies at once.
Your skin changes colour to match your surroundings (Stealth+).
((Your rubbery body absorbs attacks. (AC +1, EV +1)))
You are weak. (Str -2)


Message History

Unknown command.
Unknown command.
You skewer the golden dragon like a kebab!!!
The golden dragon convulses!!!
Your squeeze misses the golden dragon. You block the golden dragon's attack.
The golden dragon claws you but does no damage.
The golden dragon barely misses you.
An Orb Guardian comes into view.
You closely miss the golden dragon. The golden dragon bites you.
* * * LOW HITPOINT WARNING * * *
The golden dragon claws you but does no damage.
You block the golden dragon's attack.
An Orb Guardian comes into view. x2
Unknown command.
You puncture the golden dragon!
The golden dragon convulses!
You squeeze the golden dragon.
An Orb Guardian comes into view.
You block the golden dragon's attack. The golden dragon misses you.
You block the golden dragon's attack. The Orb Guardian drops a net on you.
A large net falls onto you!
You become entangled in the net!
An Orb Guardian comes into view.
Unknown command.
You feel yourself speed up.
The golden dragon bites you but does no damage.
The golden dragon claws you.
* * * LOW HITPOINT WARNING * * *
The golden dragon tramples you but does no damage.
An Orb Guardian comes into view.
The golden dragon bites you!!
* * * LOW HITPOINT WARNING * * *
The golden dragon claws you but does no damage.
The golden dragon tramples you but does no damage.
You take 24 damage, and have 43/241 hp. [a] - 448 gold - heal wounds, curing and magic [b] - 208 gold - might and brilliance [c] - 644 gold - heal wounds, curing, magic, invisibility and might Purchase which effect?
You feel much better.
You feel better. Magic courses through your body.
You fade into invisibility!
You feel very mighty all of a sudden. The Orb Guardian drops a net on you.
A large net falls onto you!
An electric golem comes into view.
The golden dragon bites you but does no damage.
The golden dragon closely misses you.
The golden dragon tramples you but does no damage.
The moth of wrath bites you but does no damage.
An electric golem comes into view.
The golden dragon bites you but does no damage.
The golden dragon barely misses you. The golden dragon tramples you!
* * * LOW HITPOINT WARNING * * *
You are shoved backwards!
You are very lightly contaminated with residual magic.
You regained 25 hp, and now have 68/241 hp.
You regained 24 mp, and now have 46/61 mp.
You closely miss the golden dragon.
The electric golem fails to trigger a net trap.
The golden dragon barely misses you.
The golden dragon claws you but does no damage.
The golden dragon misses you.
The electric golem blinks!
You spit the golden dragon like a pig!!!
You kill the golden dragon!
You block the Orb Guardian's attack.
An Orb Guardian comes into view.
The Orb Guardian misses you. You block the Orb Guardian's attack.
The Orb Guardian hits you but does no damage.
You block the Orb Guardian's attack.
A moth of wrath comes into view.
The Orb Guardian becomes distracted by the nearby gold, dreaming of imaginary riches.
You block the Orb Guardian's attack.
The electric golem becomes distracted by the nearby gold, dreaming of imaginary riches.
You hear a loud "Zot"!
The power of Zot is invoked against you!
You suddenly lose the ability to move!
The moth of wrath goads the Orb Guardian on!
The Orb Guardian goes berserk!
The Orb Guardian becomes distracted by the nearby gold, dreaming of imaginary riches. x2
The Orb Guardian hits you but does no damage.
The Orb Guardian hits you!!
* * * LOW HITPOINT WARNING * * *
The Orb Guardian hits you!!
* * * LOW HITPOINT WARNING * * *
A quicksilver dragon comes into view.
The Orb Guardian hits you but does no damage.
The Orb Guardian hits you!
* * * LOW HITPOINT WARNING * * *
The Orb Guardian is no longer distracted by gold.
The Orb Guardian becomes distracted by the nearby gold, dreaming of imaginary riches.
A storm dragon comes into view.
The Orb Guardian hits you but does no damage.
The Orb Guardian becomes distracted by the nearby gold, dreaming of imaginary riches.
A moth of wrath comes into view.
The Orb Guardian hits you but does no damage.
The moth of wrath goads the Orb Guardian on!
The Orb Guardian goes berserk!
The electric golem is no longer distracted by gold.
The Orb Guardian hits you but does no damage. x2
The Orb Guardian hits you!!
You die...
Your body crumbles into a pile of gold.

. $ # .§▓▓▓▓▓▓▓▓▓▓▓#.#
...y..^.$$$$...#
..^$.X$$X#.$D..##
...$Dy$^X8###$..##########
......8yXXX.##............
...$...$XX..▓##.^.........
...........#▓ #^...^......
...........# #...........
...........# ▓#..........
............▓ ##..........
........(.##▓ #..[...)....
........## ##....}..)...


You could see an electric golem, a storm dragon, a quicksilver dragon, 8 Orb
Guardians and 3 moths of wrath.

Vanquished Creatures
  4 orbs of fire
  6 ancient liches
  Sojobo (Depths:5)
  The ghost of wilo the Conqueror, a master MfBe of Trog (Zot:2)
  Margery (Depths:5)
  9 Killer Klowns
  Vashnia (Snake:3)
  Saint Roka (Crypt:1)
  4 curse toes
  A caustic shrike (Depths:5)
  Frederick (Crypt:3)
  13 golden dragons
  Jory (Depths:4)
  The ghost of Vuotzuza the Warrior, an adept PaCK of the Shining One (Crypt:1)
  An electric golem (Zot:3)
  Rupert (Lair:5)
  9 liches
  15 tentacled monstrosities
  11 Orb Guardians (Zot:5)
  4 quicksilver dragons
  6 titans
  2 deep elf master archers (Elf:3)
  2 deep elf blademasters (Elf:3)
  Gastronok (D:10)
  4 death cobs
  An Executioner (Zot:5)
  A kraken (Shoals:1)
  3 sphinxes
  4 ancient champions
  Kirke (Lair:5)
  Agnes (Snake:3)
  16 storm dragons
  Donald (Snake:4)
  14 shadow dragons
  A revenant (Crypt:2)
  4 draconian monks
  7 draconian knights
  6 nagarajas (Snake:4)
  10 tengu reavers
  The ghost of Vatovie the Impaler, a journeyman MiBe of Trog (Elf:2)
  6 deep elf sorcerers
  Roxanne (Elf:1)
  6 fire giants
  An orc warlord (Orc:2)
  8 frost giants
  Louise (Snake:1)
  3 iron dragons
  16 vault wardens
  6 draconian scorchers
  Aizul (Snake:1)
  4 ghouls (Crypt:1)
  9 ironheart preservers
  2 deep elf elementalists
  5 ghost moths
  3 draconian annihilators
  4 draconian shifters
  2 curse skulls (Crypt:3)
  4 spriggan defenders
  2 draconian stormcallers
  3 reapers
  33 very ugly things
  3 war gargoyles (Vaults:5)
  6 green draconians
  16 stone giants
  8 deep elf demonologists
  11 vampire knights
  7 deep elf annihilators
  Azrael (Elf:1)
  A lorocyproca (Depths:3)
  15 white draconians
  10 black draconians
  3 red draconians
  2 spark wasps (Depths:5)
  5 eidola (Crypt:3)
  8 purple draconians
  6 yellow draconians
  A mummy priest (Crypt:3)
  Snorg (D:10)
  A crystal guardian (Vaults:3)
  4 merfolk javelineers (Shoals:4)
  7 jiangshi
  12 deep elf death magi
  8 fire dragons
  16 ettins
  Josephine (Snake:1)
  14 merfolk impalers
  23 yaktaur captains
  A great orb of eyes (shapeshifter) (Vaults:5)
  19 ice dragons
  Erolcha (D:10)
  11 naga warriors
  5 great orbs of eyes
  4 deep elf high priests
  5 boulder beetles
  8 hydras
  A catoblepas (shapeshifter) (Vaults:4)
  9 rakshasas
  7 spriggan air magi
  43 vault guards
  3 catoblepae
  12 centaur warriors
  9 ogre magi
  2 alligator snapping turtles (Shoals:4)
  7 anacondas
  A two-headed ogre (shapeshifter) (Elf:3)
  2 merfolk avatars
  3 satyrs
  24 two-headed ogres
  7 merfolk aquamancers
  4 deep troll shamans
  3 death knights
  4 tengu warriors
  7 death yaks
  4 shock serpents
  5 deep troll earth magi
  4 spriggan berserkers
  9 vampire magi
  Urug (Orc:2)
  4 orc high priests
  18 naga sharpshooters
  The ghost of vvl the Grappler, a novice TrMo (D:8)
  8 hell knights (Depths:5)
  18 deep elf knights
  4 soul eaters (Crypt:3)
  3 fire crabs (shapeshifter)
  2 sixfirhies
  A titan skeleton (Crypt:1)
  19 skeletal warriors
  10 shadow wraiths
  2 unseen horrors
  6 salamander mystics
  9 deep trolls
  9 sea snakes
  A goliath frog (shapeshifter) (Vaults:4)
  2 storm dragon skeletons
  An orange crystal statue (Depths:2)
  9 orc knights
  A swamp dragon (Vaults:4)
  4 wizards
  2 golden dragon skeletons
  A sea snake (shapeshifter) (Vaults:5)
  4 glowing orange brains
  14 flayed ghosts
  22 deep elf archers
  6 naga ritualists
  An anaconda skeleton (Crypt:3)
  An iron dragon zombie (Crypt:1)
  18 phantasmal warriors
  2 shadow dragon zombies (Crypt:3)
  8 mana vipers
  A sphinx zombie (Vaults:1)
  A wolf spider zombie (Crypt:1)
  The ghost of pigah the Skirmisher, a novice DsWn of Kikubaaqudgha (D:5)
  Pikel (D:6)
  16 harpies
  2 stone giant zombies (Crypt:3)
  2 obsidian statues
  A shadow dragon skeleton (Crypt:3)
  A mana viper (shapeshifter) (Depths:2)
  64 deep elf magi
  17 necromancers
  An oklob plant (Lair:4)
  A wolf spider (shapeshifter) (Depths:2)
  5 orc sorcerers
  16 ironbrand convokers
  2 salamanders (shapeshifter)
  9 fauns
  A frost giant zombie (Crypt:1)
  4 cyclopes
  6 wolf spiders
  40 ugly things
  10 salamanders
  9 manticores
  A faun (shapeshifter) (Vaults:5)
  2 frost giant skeletons (Crypt:3)
  Maurice (D:10)
  20 moths of wrath
  A moth of wrath (shapeshifter) (Depths:2)
  6 centaur zombies
  An iron dragon skeleton (Crypt:1)
  A cyclops (shapeshifter) (Depths:2)
  A smoke demon (Depths:1)
  A black mamba (shapeshifter) (Depths:5)
  34 black mambas
  7 elephants
  11 naga magi
  2 dire elephant zombies
  12 guardian serpents
  2 guardian serpents (shapeshifter) (Vaults:2)
  An ice statue (IceCv)
  12 merfolk sirens
  4 water nymphs
  15 vault sentinels
  Psyche (D:8)
  6 orange demons
  A cane toad (shapeshifter) (Depths:2)
  5 rime drakes
  14 cane toads
  A shock serpent skeleton (Crypt:3)
  A rime drake (shapeshifter) (Vaults:1)
  3 komodo dragons (shapeshifter)
  11 komodo dragons
  3 kobold demonologists (D:13)
  30 freezing wraiths
  83 yaktaurs
  2 red devils (Depths:1)
  A black draconian skeleton (Crypt:2)
  20 hellwings
  A guardian mummy (Crypt:3)
  41 merfolk
  A death yak skeleton (Crypt:1)
  4 trolls
  4 meliai (shapeshifter)
  A polar bear (Lair:6)
  A yaktaur skeleton (Vaults:1)
  3 jumping spiders (Crypt:3)
  2 queen bees (shapeshifter)
  13 hornets
  A wind drake (shapeshifter) (Vaults:1)
  5 wind drakes
  3 ettin zombies
  Prince Ribbit (D:6)
  A hornet (shapeshifter) (Depths:2)
  32 blink frogs
  12 snapping turtles
  13 dream sheep
  3 blink frogs (shapeshifter)
  3 hydra skeletons
  26 slime creatures
  An alligator skeleton (Crypt:3)
  3 ice dragon zombies
  24 wraiths
  11 spriggans
  3 redbacks (Crypt:3)
  2 air elementals (Elf:3)
  2 ettin skeletons
  8 shadows
  9 wyverns
  2 yaks (shapeshifter)
  A steam dragon (D:10)
  A vampire (D:8)
  3 hogs (Lair:5)
  Eustachio (D:5)
  A hog (shapeshifter) (Depths:2)
  38 water elementals
  A wyvern (shapeshifter) (Vaults:5)
  56 yaks
  5 fire elementals
  A basilisk (D:14)
  2 ushabtiu (Crypt:3)
  18 vampire mosquitoes
  An emperor scorpion simulacrum (Crypt:1)
  7 wargs
  A soldier ant (shapeshifter) (Depths:2)
  A death yak simulacrum (IceCv)
  54 nagas
  A naga (shapeshifter) (Depths:2)
  2 wargs (shapeshifter)
  A soldier ant (D:12)
  15 water moccasins
  3 acid dragons
  2 floating eyes
  A faun skeleton (Crypt:2)
  9 hell hounds
  48 orc warriors
  A black bear (shapeshifter) (Depths:5)
  2 cane toad zombies
  3 black bears
  2 necrophages
  An eye of draining (D:9)
  A hornet zombie (D:10)
  8 ice beasts
  An eye of draining (shapeshifter) (Depths:2)
  5 phantoms
  32 ogres
  An ogre (shapeshifter) (Depths:2)
  An elf zombie (Vaults:1)
  6 sky beasts
  A swamp dragon zombie (Crypt:1)
  8 boggarts
  10 wolves
  19 centaurs
  A snapping turtle skeleton (Crypt:1)
  4 lemures (D:6)
  3 big kobolds
  Blork the orc (D:6)
  28 bullfrogs
  2 gnoll sergeants
  8 wyvern skeletons (Crypt:3)
  5 scorpions
  3 killer bees (D:8)
  A spriggan skeleton (Crypt:2)
  15 wights
  3 howler monkeys (D:10)
  13 electric eels
  6 crimson imps (Depths:1)
  A bullfrog zombie (D:12)
  2 draconian simulacra (IceCv)
  4 jellies
  A quasit (D:12)
  A wyvern simulacrum (D:8)
  7 hounds
  18 orc priests
  6 centaur skeletons
  26 orc wizards
  4 bullfrog skeletons
  A demonspawn skeleton (Crypt:1)
  4 iguanas
  A basilisk skeleton (Crypt:2)
  9 worker ants
  2 troll simulacra (IceCv)
  A polar bear simulacrum (IceCv)
  A spriggan simulacrum (IceCv)
  2 wolf simulacra (IceCv)
  An acid dragon zombie (Crypt:2)
  2 centaur simulacra (IceCv)
  A hound zombie (D:8)
  3 hound skeletons
  5 adders
  12 gnolls
  5 ogre simulacra (IceCv)
  8 naga simulacra (IceCv)
  3 shadow imps
  15 white imps
  An ufetubus (D:3)
  3 oozes (D:4)
  A halfling skeleton (Crypt:2)
  An iguana zombie (Crypt:2)
  2 adder skeletons
  An iguana skeleton (Crypt:1)
  2 worms
  A dart slug (D:2)
  4 leopard geckos
  91 orcs
  5 giant cockroaches
  5 goblins
  10 hobgoblins
  8 jackals
  26 kobolds
  3 quokkas
  A ball python zombie (Crypt:2)
  5 bats
  8 frilled lizards
  A jackal skeleton (D:4)
  A jackal zombie (D:5)
  A kobold zombie (Crypt:1)
  An orc skeleton (Crypt:3)
  A quokka skeleton (D:4)
  6 rats
  A river rat zombie (Crypt:2)
  A butterfly (Lair:4)
  A plant (Shoals:4)
2489 creatures vanquished.

Vanquished Creatures (others)
  A draconian annihilator (Zot:5)
  38 dancing weapons
  A bush (Lair:4)
  53 fungi
  325 plants
  40 withered plants (Crypt:3)
458 creatures vanquished.

Grand Total: 2947 creatures vanquished

Notes
Turn   | Place    | Note
-------+----------+-------------------------------------------
     0 | D:1      | sokol815 the Octopode Ice Elementalist began the quest for
                  | the Orb.
     0 | D:1      | Reached XP level 1. HP: 11/11 MP: 3/3
   348 | D:1      | Reached skill level 3 in Stealth
   381 | D:1      | Reached XP level 2. HP: 17/17 MP: 5/5
  1164 | D:2      | Reached skill level 1 in Short Blades
  1387 | D:2      | Reached XP level 3. HP: 8/21 MP: 6/6
  2039 | D:3      | Reached XP level 4. HP: 27/27 MP: 7/7
  2141 | D:3      | Reached skill level 4 in Stealth
  2415 | D:3      | Reached skill level 2 in Short Blades
  3045 | D:3      | Found a hazy altar of Hepliaklqana.
  3450 | D:4      | Reached XP level 5. HP: 18/31 MP: 8/8
  3468 | D:4      | HP: 5/31 [orc/+0 mace (7)]
  3481 | D:4      | Reached skill level 5 in Stealth
  3744 | D:4      | Reached skill level 3 in Short Blades
  3744 | D:4      | Reached skill level 3 in Dodging
  3744 | D:4      | Reached XP level 6. HP: 31/36 MP: 9/9
  4056 | D:5      | Entered Level 5 of the Dungeon
  4058 | D:5      | You fall into a shaft and drop 1 floor!
  4354 | D:5      | Found a runed translucent gate.
  4355 | D:5      | Found a runed translucent gate.
  4355 | D:5      | Found a runed translucent gate.
  4355 | D:5      | Noticed pigah's ghost (novice DsWn)
  4357 | D:5      | Noticed a phantom
  4362 | D:5      | Learned a level 3 spell: Ozocubu's Armour
  4395 | D:5      | Killed a phantom
  4396 | D:5      | Reached skill level 6 in Stealth
  4396 | D:5      | Reached XP level 7. HP: 32/41 MP: 10/10
  4523 | D:5      | Reached skill level 4 in Short Blades
  4523 | D:5      | Reached skill level 5 in Ice Magic
  4827 | D:5      | Found a bloodstained altar of Trog.
  4882 | D:5      | HP: 10/41 [phantom (9)]
  5236 | D:5      | Noticed Eustachio
  5253 | D:5      | Killed Eustachio
  5254 | D:5      | Reached skill level 7 in Stealth
  5496 | D:6      | Noticed Blork the orc
  5645 | D:6      | Reached skill level 4 in Dodging
  5645 | D:6      | Reached XP level 8. HP: 42/46 MP: 11/11
  5705 | D:6      | Noticed Prince Ribbit
  5709 | D:6      | Killed Prince Ribbit
  5710 | D:6      | Reached skill level 5 in Short Blades
  5710 | D:6      | Reached skill level 8 in Stealth
  5716 | D:6      | Reached skill level 1 in Fighting
  5811 | D:6      | Found a bloodstained altar of Trog.
  5829 | D:6      | HP: 12/48 [black bear (6)]
  6746 | D:7      | Found Torr's Antique Weapon Shoppe.
  7008 | D:7      | Reached skill level 2 in Fighting
  7008 | D:7      | Reached skill level 1 in Shields
  7061 | D:7      | Noticed a deep elf mage
  7106 | D:7      | Reached skill level 6 in Short Blades
  7106 | D:7      | Reached skill level 9 in Stealth
  7502 | D:7      | Reached XP level 9. HP: 54/54 MP: 12/12
  7535 | D:7      | Found a staircase to the Ecumenical Temple.
  7541 | Temple   | Entered the Ecumenical Temple
  7596 | Temple   | Became a worshipper of Gozag Ym Sagoz the Greedy
  7686 | D:7      | Reached skill level 2 in Shields
  7743 | D:8      | Reached skill level 6 in Ice Magic
  7958 | D:8      | Reached skill level 5 in Dodging
  8171 | D:8      | Noticed Psyche
  8189 | D:8      | Killed Psyche
  8190 | D:8      | Reached skill level 3 in Shields
  8240 | D:8      | Reached skill level 10 in Stealth
  8317 | D:8      | Reached skill level 3 in Fighting
  8505 | D:8      | Noticed a two-headed ogre
  8693 | D:8      | Found a blossoming altar of Fedhas.
  8765 | D:8      | Found a transporter.
  8766 | D:8      | Noticed vvl's ghost (novice TrMo)
  8801 | D:8      | Reached skill level 7 in Short Blades
  9073 | D:8      | Reached skill level 4 in Shields
  9159 | D:8      | Reached XP level 10. HP: 62/63 MP: 13/13
  9303 | D:8      | Found a transporter.
  9335 | D:8      | Learned a level 3 spell: Dazzling Flash
  9339 | D:8      | Learned a level 3 spell: Tukima's Dance
  9438 | D:8      | Found an ancient bone altar of Kikubaaqudgha.
  9645 | D:9      | Found a glowing silver altar of Zin.
  9687 | D:9      | Reached skill level 1 in Conjurations
  9819 | D:9      | Reached skill level 1 in Hexes
  9874 | D:9      | Identified the Catalogue of Evil Rituals
  9928 | D:9      | Noticed a two-headed ogre
  9944 | D:9      | Found a staircase to the Lair.
 10219 | D:9      | Reached skill level 4 in Fighting
 10332 | D:10     | Entered Level 10 of the Dungeon
 10513 | D:10     | Reached skill level 6 in Dodging
 10513 | D:10     | Reached skill level 7 in Ice Magic
 10554 | D:10     | Noticed Snorg
 10610 | D:10     | Killed Snorg
 10611 | D:10     | Reached skill level 8 in Short Blades
 10611 | D:10     | Reached skill level 2 in Conjurations
 10611 | D:10     | Reached skill level 2 in Hexes
 11220 | D:10     | Noticed an obsidian statue
 11710 | D:10     | Noticed Gastronok
 11737 | D:10     | Killed Gastronok
 11738 | D:10     | Reached skill level 5 in Fighting
 11738 | D:10     | Reached skill level 9 in Short Blades
 11738 | D:10     | Reached skill level 3 in Conjurations
 11738 | D:10     | Reached skill level 3 in Hexes
 11738 | D:10     | Reached XP level 11. HP: 22/71 MP: 12/14
 11753 | D:10     | Noticed Maurice
 11929 | D:10     | Killed Maurice
 11930 | D:10     | Reached skill level 11 in Stealth
 12049 | D:10     | Noticed Erolcha
 12760 | D:10     | HP: 14/71 [yak (14)]
 12762 | D:10     | HP: 6/71 [yak (9)]
 13364 | D:10     | Learned a level 3 spell: Frozen Ramparts
 13366 | D:10     | Learned a level 1 spell: Corona
 13389 | D:9      | Bought the ring "Leukla" {MP+9 Dex+2 SInv} for 631 gold
                  | pieces
 13406 | Lair:1   | Entered Level 1 of the Lair of Beasts
 13620 | Lair:1   | Reached skill level 4 in Conjurations
 13681 | Lair:1   | Reached skill level 4 in Hexes
 13848 | Lair:1   | Noticed an eight-headed hydra
 14008 | Lair:1   | Reached skill level 10 in Short Blades
 14035 | Lair:1   | Reached skill level 5 in Conjurations
 14035 | Lair:1   | Reached skill level 5 in Hexes
 14205 | Lair:1   | Reached XP level 12. HP: 77/77 MP: 15/15
 14411 | Lair:1   | You fall into a shaft and drop 1 floor!
 14656 | Lair:2   | Reached skill level 6 in Conjurations
 14700 | Lair:2   | Reached skill level 6 in Hexes
 15654 | Lair:3   | Noticed a catoblepas
 15658 | Lair:3   | Noticed a death yak
 15663 | Lair:3   | Noticed a death yak
 15665 | Lair:3   | Noticed a death yak
 15698 | Lair:3   | HP: 19/77 [blink frog (9)]
 15703 | Lair:3   | Reached skill level 7 in Dodging
 15704 | Lair:3   | HP: 14/77 [catoblepas/blast of calcifying dust (6)]
 16273 | Lair:2   | Reached skill level 12 in Stealth
 16587 | Lair:3   | Reached skill level 6 in Fighting
 16715 | Lair:3   | Found a staircase to the Snake Pit.
 17058 | Lair:3   | Reached skill level 13 in Stealth
 17310 | Lair:3   | Killed a death yak
 17311 | Lair:3   | Reached skill level 8 in Dodging
 17634 | Lair:3   | Killed a catoblepas
 17822 | Lair:3   | Killed a death yak
 17833 | Lair:3   | Killed a death yak
 17834 | Lair:3   | Reached skill level 14 in Stealth
 17834 | Lair:3   | Reached XP level 13. HP: 65/85 MP: 16/16
 17836 | Lair:3   | Reached skill level 7 in Fighting
 18125 | Lair:4   | Found a staircase to the Shoals.
 18641 | Lair:4   | Reached skill level 9 in Dodging
 18641 | Lair:4   | Reached skill level 15 in Stealth
 18898 | Lair:3   | Bought a book of Ice for 910 gold pieces
 19447 | Lair:5   | Reached skill level 8 in Fighting
 19447 | Lair:5   | Reached skill level 3 in Spellcasting
 19493 | Lair:5   | Noticed Rupert
 19695 | Lair:5   | Found a bloodstained altar of Trog.
 20090 | Lair:5   | Noticed Kirke
 20127 | Lair:5   | Reached skill level 4 in Spellcasting
 20667 | Lair:5   | You fall into a shaft and drop 1 floor!
 20667 | Lair:6   | Entered Level 6 of the Lair of Beasts
 20671 | Lair:6   | Found a frozen archway.
 20703 | Lair:6   | Reached skill level 5 in Spellcasting
 20734 | Lair:6   | Learned a level 6 spell: Ozocubu's Refrigeration
 20743 | IceCv    | Entered an ice cave
 21113 | IceCv    | Reached skill level 8 in Ice Magic
 21348 | IceCv    | Reached skill level 10 in Dodging
 21895 | IceCv    | Found an ancient bone altar of Kikubaaqudgha.
 21908 | IceCv    | Reached skill level 9 in Fighting
 21908 | IceCv    | Reached XP level 14. HP: 97/97 MP: 21/21
 22142 | IceCv    | Reached skill level 9 in Ice Magic
 22444 | Lair:6   | Reached skill level 10 in Ice Magic
 23675 | Lair:6   | Found a staircase to the Slime Pits.
 23734 | Lair:6   | Reached skill level 11 in Ice Magic
 24490 | D:9      | Bought the amulet "Kanig" {Acrobat *Drain rElec rN+} for
                  | 596 gold pieces
 24490 | D:9      | Bought an uncursed ring of wizardry for 420 gold pieces
 24707 | Lair:6   | Reached skill level 12 in Ice Magic
 25858 | Lair:6   | Found a burning altar of Makhleb.
 25862 | Lair:6   | Reached skill level 13 in Ice Magic
 26047 | Lair:6   | Found a gateway to Hell.
 26334 | D:8      | Reached XP level 15. HP: 101/101 MP: 22/22
 26571 | D:6      | Noticed Pikel
 26576 | D:6      | Killed Blork the orc
 26576 | D:6      | Killed Pikel
 26636 | D:6      | Found a glowing golden altar of the Shining One.
 26809 | D:10     | Killed Erolcha
 27239 | Lair:5   | Killed Rupert
 27240 | Lair:5   | Reached skill level 14 in Ice Magic
 27362 | Lair:5   | Killed Kirke
 27835 | Lair:5   | Found a bloodstained altar of Trog.
 28626 | D:11     | Found a staircase to the Orcish Mines.
 29274 | D:11     | Found a shimmering altar of Xom.
 30022 | D:12     | Reached skill level 15 in Ice Magic
 30105 | D:12     | Found a portal to a secret trove of treasure.
 30840 | D:12     | Identified a scroll of acquirement
 30840 | D:12     | Acquired an uncursed staff of cold
 31738 | D:13     | Found a hazy altar of Hepliaklqana.
 32409 | D:14     | Reached skill level 16 in Ice Magic
 32880 | D:14     | Reached XP level 16. HP: 108/108 MP: 23/23
 33191 | D:14     | Learned a level 5 spell: Irradiate
 33582 | D:14     | Found a gate to the Vaults.
 33586 | D:14     | Reached skill level 1 in Transmutations
 33649 | D:15     | Entered Level 15 of the Dungeon
 33783 | D:15     | Reached skill level 2 in Transmutations
 33894 | D:15     | Reached skill level 7 in Conjurations
 34010 | D:15     | Found a sacrificial altar of Ru.
 34275 | D:15     | Found a staircase to the Depths.
 34279 | D:15     | Reached skill level 3 in Transmutations
 34578 | Orc:1    | Entered Level 1 of the Orcish Mines
 34747 | Orc:1    | Found Mngur's Merry Market.
 34826 | Orc:1    | Found Dean's Antique Weapon Shoppe.
 34837 | Orc:1    | Bought a glowing falchion for 186 gold pieces
 34867 | Orc:2    | Entered Level 2 of the Orcish Mines
 35118 | Orc:1    | You fall into a shaft and drop 1 floor!
 35118 | Orc:2    | Found a staircase to the Elven Halls.
 35425 | Orc:2    | Found a roughly hewn altar of Beogh.
 35570 | Orc:2    | Noticed Urug
 35572 | Orc:2    | Reached skill level 4 in Transmutations
 35572 | Orc:2    | Reached skill level 17 in Ice Magic
 35572 | Orc:2    | Killed Urug
 35575 | Orc:2    | Found a roughly hewn altar of Beogh.
 35580 | Orc:2    | Reached skill level 8 in Conjurations
 36252 | Orc:2    | Reached skill level 5 in Transmutations
 36274 | Orc:2    | Found Runa's Book Boutique.
 36289 | Orc:2    | Found Otitaed's Antique Armour Boutique.
 36385 | Orc:2    | Found Luibiz's General Store.
 36395 | Orc:2    | Found Umooxac's Antique Weapon Boutique.
 36421 | Orc:2    | Bought a scroll of magic mapping for 56 gold pieces
 36421 | Orc:2    | Bought a scroll of magic mapping for 56 gold pieces
 36421 | Orc:2    | Bought a scroll of magic mapping for 56 gold pieces
 36421 | Orc:2    | Bought a scroll of enchant weapon for 120 gold pieces
 37150 | Lair:3   | Bought a book of Annihilations for 1545 gold pieces
 37154 | Lair:3   | Bought the ring of Addall {rF+ Str+3 SInv} for 458 gold
                  | pieces
 37173 | Shoals:1 | Entered Level 1 of the Shoals
 37527 | Shoals:1 | Reached skill level 9 in Conjurations
 37528 | Shoals:1 | Reached skill level 6 in Transmutations
 38307 | Shoals:1 | Noticed a kraken
 38314 | Shoals:1 | Killed a kraken
 38757 | Shoals:2 | Reached skill level 7 in Transmutations
 38880 | Shoals:2 | Reached XP level 17. HP: 109/112 MP: 24/24
 39554 | Shoals:2 | Reached skill level 10 in Conjurations
 39916 | Shoals:3 | Reached skill level 8 in Transmutations
 40923 | Shoals:4 | Entered Level 4 of the Shoals
 40927 | Shoals:4 | Reached skill level 9 in Transmutations
 41649 | Shoals:4 | Reached skill level 10 in Transmutations
 41852 | Shoals:4 | Reached skill level 18 in Ice Magic
 42207 | Shoals:4 | Found Otrum's Armour Boutique.
 42756 | Shoals:4 | Got a barnacled rune of Zot
 43382 | Snake:1  | Entered Level 1 of the Snake Pit
 43744 | Snake:1  | Reached skill level 19 in Ice Magic
 43744 | Snake:1  | Reached XP level 18. HP: 106/118 MP: 25/25
 44309 | Snake:1  | Noticed Louise
 44312 | Snake:1  | Killed Louise
 44576 | Snake:1  | Noticed Aizul
 44583 | Snake:1  | Killed Aizul
 44584 | Snake:1  | Reached skill level 6 in Spellcasting
 44748 | Snake:1  | You fall into a shaft and drop 1 floor!
 45128 | Snake:1  | Noticed Josephine
 45131 | Snake:1  | Killed Josephine
 45545 | Snake:1  | Reached skill level 7 in Spellcasting
 45971 | Snake:2  | Found Eji Wuv's Jewellery Shoppe.
 45980 | Snake:2  | Found Appuut's Gadget Boutique.
 45981 | Snake:2  | Found Piseh's Jewellery Shoppe.
 45990 | Snake:2  | Bought the ring "Ynorium" {Wiz rElec Str+4 Int+4} for 1094
                  | gold pieces
 46940 | Snake:3  | Noticed Agnes
 46943 | Snake:3  | Killed Agnes
 47090 | Snake:3  | Reached skill level 8 in Spellcasting
 47569 | Snake:3  | Noticed Vashnia
 47575 | Snake:3  | Killed Vashnia
 47954 | Snake:3  | Learned a level 9 spell: Absolute Zero
 47989 | Snake:4  | Entered Level 4 of the Snake Pit
 48109 | Snake:4  | Reached skill level 9 in Spellcasting
 49104 | Snake:4  | Noticed Donald
 49115 | Snake:4  | Killed Donald
 49401 | Snake:4  | Reached skill level 10 in Spellcasting
 49510 | Snake:4  | Reached XP level 19. HP: 124/124 MP: 29/33
 49647 | Snake:4  | Reached skill level 20 in Ice Magic
 50962 | Snake:4  | Got a serpentine rune of Zot
 51242 | Vaults:1 | Entered Level 1 of the Vaults
 51499 | Vaults:1 | Reached skill level 21 in Ice Magic
 52884 | Vaults:1 | Reached skill level 22 in Ice Magic
 53212 | Vaults:1 | Reached XP level 20. HP: 129/129 MP: 34/34
 54795 | Vaults:1 | Found Iquim's Armour Emporium.
 55191 | Vaults:2 | Found Wemud's General Store.
 55464 | Vaults:2 | Reached skill level 23 in Ice Magic
 56370 | Vaults:2 | Upgraded the game from 0.26-a0-1181-gd376ed14c5 to
                  | 0.26-a0-1184-g95e395e029
 57159 | D:12     | You paid a toll of 4 scrolls of fear to enter a treasure
                  | trove
 57160 | Trove    | Entered a treasure trove
 57176 | Trove    | Got a transparent garnet amulet
 57182 | Trove    | Got an ancient platinum amulet
 57279 | D:12     | Identified the amulet "Molarinu" {Regen+ Int+2} (You found
                  | it in a treasure trove)
 57280 | D:12     | Identified the amulet "Giafigo" {RegenMP rElec Str+2 Int+4}
                  | (You found it in a treasure trove)
 57302 | D:12     | Reached skill level 6 in Shields
 57302 | D:12     | Reached XP level 21. HP: 135/135 MP: 35/35
 57305 | D:12     | Gained mutation: You are weak. (Str -2) [mutagenic glow]
 57396 | D:12     | Bought the +8 lance "Wyrmbane" {slay drac, rPois rF+ rC+
                  | AC+3} for 3151 gold pieces
 57396 | D:12     | Found the +8 lance "Wyrmbane" {slay drac, rPois rF+ rC+
                  | AC+3}
 58099 | Vaults:3 | Reached skill level 1 in Polearms
 58195 | Vaults:3 | Reached skill level 7 in Shields
 58327 | Vaults:3 | Reached skill level 2 in Polearms
 59087 | Vaults:3 | Reached skill level 3 in Polearms
 59087 | Vaults:3 | Reached skill level 8 in Shields
 59095 | Vaults:3 | Reached XP level 22. HP: 126/141 MP: 6/36
 59642 | Vaults:3 | Found a staircase to the Crypt.
 59888 | Vaults:3 | Reached skill level 4 in Polearms
 60186 | Vaults:3 | Reached skill level 9 in Shields
 61154 | Vaults:4 | Found Noenos's Armour Shoppe.
 61553 | Vaults:4 | Reached skill level 5 in Polearms
 61689 | Vaults:4 | Reached skill level 10 in Shields
 61689 | Vaults:4 | Noticed an ancient lich
 62063 | Vaults:4 | Killed an ancient lich
 62194 | Vaults:4 | Noticed a golden dragon
 62227 | Vaults:4 | Killed a golden dragon
 62485 | Vaults:4 | Identified the cursed +0 leather armour "Owittagh" {*Contam
                  | rElec rPois}
 62497 | Vaults:4 | Identified the cursed +1 robe of Lethargy {Dex+5}
 62498 | Vaults:4 | Reached skill level 6 in Polearms
 62749 | Vaults:4 | Reached skill level 11 in Shields
 62987 | Vaults:4 | Identified the Catalogue of the Watchman
 63568 | Elf:1    | Entered Level 1 of the Elven Halls
 63691 | Elf:1    | Identified Roxanne's Grimoire of Earth
 63691 | Elf:1    | Noticed Roxanne
 63696 | Elf:1    | Killed Roxanne
 63709 | Elf:1    | Learned a level 6 spell: Statue Form
 63803 | Elf:1    | Found Cyxieche's Book Shop.
 63804 | Elf:1    | Noticed Azrael
 63808 | Elf:1    | Killed Azrael
 63995 | Elf:1    | Found Anuepseth's Gadget Boutique.
 63995 | Elf:1    | Found Aritun's Weapon Shop.
 63998 | Elf:1    | Found Sonois's Distillery.
 64006 | Elf:1    | Bought a potion of curing for 39 gold pieces
 64006 | Elf:1    | Bought 2 potions of might for 104 gold pieces
 64006 | Elf:1    | Bought a potion of magic for 104 gold pieces
 64026 | Elf:1    | Reached skill level 1 in Earth Magic
 64280 | Elf:1    | Reached skill level 24 in Ice Magic
 64336 | Elf:1    | Reached skill level 2 in Earth Magic
 64357 | Elf:1    | Found the +8 frozen axe "Frostbite" {freezing cloud, *Noise
                  | +Fly rC+}
 64950 | Elf:2    | Reached skill level 7 in Polearms
 64950 | Elf:2    | Reached skill level 3 in Earth Magic
 65086 | Elf:2    | Found a transporter.
 65087 | Elf:2    | Noticed Vatovie's ghost (journeyman MiBe)
 65133 | Elf:2    | Found a transporter.
 65162 | Elf:2    | Reached XP level 23. HP: 109/145 MP: 32/37
 65164 | Elf:2    | Killed Vatovie's ghost
 65481 | Elf:2    | Found a runed translucent gate.
 65481 | Elf:2    | Found a runed translucent gate.
 65481 | Elf:2    | Found a runed translucent gate.
 65513 | Elf:2    | Reached skill level 12 in Shields
 65632 | Elf:2    | Reached skill level 4 in Earth Magic
 66845 | Depths:1 | Entered Level 1 of the Depths
 66859 | Depths:1 | Reached skill level 5 in Earth Magic
 67656 | Depths:1 | Reached skill level 6 in Earth Magic
 67666 | Depths:1 | Reached skill level 8 in Polearms
 68554 | Depths:2 | Reached skill level 13 in Shields
 68673 | Depths:2 | Reached skill level 7 in Earth Magic
 69690 | Depths:2 | Reached skill level 8 in Earth Magic
 69916 | Depths:2 | Found a one-way gate leading to the halls of Pandemonium.
 70274 | Depths:2 | Reached skill level 9 in Polearms
 70680 | Depths:2 | Identified the +7 war axe "Yntifok" {vorpal, rPois}
 70680 | Depths:2 | Identified the amulet of Daisies {rN+ Will- Regen+ Str+7}
 70702 | Depths:2 | Noticed a golden dragon
 70720 | Depths:2 | HP: 31/145 [golden dragon (13)]
 70721 | Depths:2 | Killed a golden dragon
 70722 | Depths:2 | Reached skill level 14 in Shields
 70722 | Depths:2 | Reached skill level 9 in Earth Magic
 70722 | Depths:2 | Reached XP level 24. HP: 32/152 MP: 19/37
 70726 | Depths:2 | HP: 31/152 [poisoned by a golden dragon (blast of poison)]
 70731 | Depths:2 | HP: 30/152 [poisoned by a golden dragon (blast of poison)]
 70738 | Depths:2 | HP: 31/152 [poisoned by a golden dragon (blast of poison)]
 70746 | Depths:2 | HP: 32/152 [poisoned by a golden dragon (blast of poison)]
 71096 | Depths:2 | Identified Ovulliem's Almanac of Damaging Stolen Souls
 72313 | Depths:3 | Reached skill level 10 in Earth Magic
 72938 | Depths:3 | Reached skill level 10 in Polearms
 73137 | Depths:3 | Identified the +3 falchion of Afeeb {venom, *Rage rF+ rC+
                  | Will+} (You found it on level 3 of the Depths)
 73363 | Depths:4 | Reached skill level 15 in Shields
 73447 | Depths:4 | Reached skill level 11 in Polearms
 73700 | Depths:4 | Found Ynuepneu's Distillery.
 73862 | Depths:4 | Found Rofoar's General Store.
 73902 | Depths:4 | Bought a scroll of blinking for 127 gold pieces
 73906 | Depths:4 | Found a corrupted altar of Lugonu.
 73906 | Depths:4 | Found a one-way gate to the infinite horrors of the Abyss.
 74085 | Depths:4 | Reached skill level 12 in Polearms
 74378 | Depths:4 | Noticed Jory
 74387 | Depths:4 | Killed Jory
 74494 | Depths:4 | Identified the Disquisition on Earthen Translocation
 74570 | Depths:4 | Reached skill level 11 in Spellcasting
 74728 | Depths:4 | Found a gateway to a ziggurat.
 74880 | Depths:4 | Found Rimos's Weapon Emporium.
 75046 | Depths:4 | Found Ettaz's Gadget Emporium.
 75144 | Depths:4 | Found Noenos's Gadget Emporium.
 75396 | Depths:5 | Entered Level 5 of the Depths
 75494 | Depths:5 | Noticed Sojobo
 75504 | Depths:5 | Killed Sojobo
 75505 | Depths:5 | Reached skill level 12 in Spellcasting
 75505 | Depths:5 | Reached XP level 25. HP: 121/157 MP: 24/39
 75516 | Depths:5 | Identified the ring "Bobaury" {Wiz +Fly rF- rN++ Dex+3}
                  | (You found it on level 5 of the Depths)
 75748 | Depths:5 | Identified the +0 buckler "Suwos" {rPois Str+3} (You found
                  | it on level 5 of the Depths)
 76088 | Depths:5 | Got a translucent jade ring
 76090 | Depths:5 | Identified the ring "Gifitap" {*Corrode rN+ Will+ Int+3}
                  | (You found it on level 5 of the Depths)
 76260 | Depths:5 | Reached skill level 13 in Spellcasting
 76431 | Depths:5 | Found the ring of the Mage {Wiz Will++ Int+3}
 76543 | Depths:5 | Found a transporter.
 76605 | Depths:5 | Found a shadowy altar of Dithmenos.
 76743 | Depths:5 | Found a transporter.
 76753 | Depths:5 | Reached skill level 14 in Spellcasting
 76812 | Depths:5 | Found an iron altar of Okawaru.
 77034 | Depths:5 | Found a gate to the Realm of Zot.
 77181 | Depths:5 | Noticed Margery
 77183 | Depths:5 | Killed Margery
 77184 | Depths:5 | Reached skill level 15 in Spellcasting
 77272 | Depths:5 | Identified the ring "Iphocw" {+Fly SInv} (You found it on
                  | level 5 of the Depths)
 77660 | Elf:3    | Entered Level 3 of the Elven Halls
 77832 | Elf:3    | Reached skill level 10 in Fighting
 78393 | Elf:3    | Reached skill level 11 in Fighting
 78393 | Elf:3    | Reached skill level 11 in Dodging
 78394 | Elf:3    | Reached XP level 26. HP: 169/169 MP: 27/42
 78553 | Elf:3    | Identified the +8 dagger "Casuava" {elec, rPois}
 78736 | Elf:3    | Identified Citwocw's Grimoire of Dark Envenoming
 78742 | Elf:3    | Identified the Grimoire of the Unholy Frostbite
 79362 | Crypt:1  | Entered Level 1 of the Crypt
 79531 | Crypt:1  | Reached skill level 12 in Dodging
 79534 | Crypt:1  | Reached skill level 12 in Fighting
 79847 | Crypt:1  | Found a transporter.
 79883 | Crypt:1  | Noticed Vuotzuza's ghost (adept PaCK)
 79886 | Crypt:1  | Found a transporter.
 79886 | Crypt:1  | Noticed an ancient lich
 79890 | Crypt:1  | Noticed an ancient lich
 80015 | Crypt:1  | Noticed Saint Roka
 80021 | Crypt:1  | Killed Saint Roka
 81191 | Crypt:3  | Entered Level 3 of the Crypt
 81402 | Crypt:2  | Reached skill level 13 in Dodging
 81597 | Crypt:3  | Reached skill level 13 in Fighting
 81748 | Crypt:3  | Found the +7 great mace "Undeadhunter" {disrupt, rN+}
 81751 | Crypt:3  | Noticed an ancient lich
 81753 | Crypt:3  | Killed an ancient lich
 82021 | Crypt:3  | Found an ancient bone altar of Kikubaaqudgha.
 82500 | Crypt:3  | Noticed Frederick
 82504 | Crypt:3  | Killed Frederick
 82658 | Crypt:3  | Reached skill level 14 in Dodging
 82694 | Crypt:3  | Reached skill level 14 in Fighting
 83144 | Crypt:3  | Found a staircase to the Tomb.
 84209 | D:14     | Learned a level 9 spell: Shatter
 84298 | Vaults:5 | Entered Level 5 of the Vaults
 84301 | Vaults:5 | Reached XP level 27. HP: 184/184 MP: 42/42
 84462 | Vaults:5 | Reached skill level 11 in Earth Magic
 84810 | Vaults:5 | Reached skill level 15 in Dodging
 84810 | Vaults:5 | Reached skill level 12 in Earth Magic
 84851 | Vaults:5 | Reached skill level 15 in Fighting
 85060 | Vaults:5 | Reached skill level 13 in Earth Magic
 85176 | Vaults:5 | Got a silver rune of Zot
 85425 | Vaults:5 | Identified the ring of Oxiemi {*Tele *Corrode rElec Will++
                  | Slay-4} (You found it on level 5 of the Vaults)
 85837 | Vaults:5 | Reached skill level 14 in Earth Magic
 86003 | Vaults:5 | Identified the ring "Ulav" {*Contam Str+6 Int+4 Slay+5}
                  | (You found it on level 5 of the Vaults)
 86063 | Vaults:5 | Reached skill level 15 in Earth Magic
 86984 | D:14     | Bought the ring of Hatyskah {*Contam Will+ MP+9 Str+9
                  | Dex-2} for 960 gold pieces
 86993 | D:14     | Bought the ring "Temioj" {rPois rC+ AC+4} for 704 gold
                  | pieces
 87139 | Zot:1    | Entered Level 1 of the Realm of Zot
 87153 | Zot:1    | Reached skill level 16 in Earth Magic
 87517 | Crypt:1  | Killed an ancient lich
 87520 | Crypt:1  | Killed an ancient lich
 87523 | Crypt:1  | Killed Vuotzuza's ghost
 87693 | Crypt:1  | Identified the ring of Creativity {*Tele Int+6} (You found
                  | it on level 1 of the Crypt)
 88026 | Zot:1    | Reached skill level 17 in Earth Magic
 88574 | Zot:1    | Reached skill level 18 in Earth Magic
 88831 | Zot:2    | Found a transporter.
 88892 | Zot:2    | Found a transporter.
 89131 | Zot:2    | Noticed an orb of fire
 89141 | Zot:2    | Killed an orb of fire
 89142 | Zot:2    | Reached skill level 19 in Earth Magic
 89639 | Zot:2    | Found a runed translucent gate.
 89639 | Zot:2    | Found a runed translucent gate.
 89639 | Zot:2    | Found a runed translucent gate.
 89654 | Zot:2    | Found an opulent altar of Gozag.
 89656 | Zot:2    | Found Roav's Assorted Antiques.
 89656 | Zot:2    | Noticed wilo's ghost (master MfBe)
 89657 | Zot:2    | Found Lucs's Assorted Antiques.
 89661 | Zot:2    | Killed wilo's ghost
 89662 | Zot:2    | Reached skill level 20 in Earth Magic
 90143 | Zot:2    | Learned a level 8 spell: Necromutation
 90152 | Zot:2    | Learned a level 8 spell: Ignition
 90630 | D:8      | Killed vvl's ghost
 90728 | D:5      | Killed pigah's ghost
 91622 | Zot:3    | Identified the ring "Una Bunuh" {rF- Will++ Str+4 Int+4
                  | Stlth-} (You found it on level 3 of the Realm of Zot)
 91885 | Zot:4    | Reached skill level 21 in Earth Magic
 92630 | Zot:5    | Entered Level 5 of the Realm of Zot
 92964 | Zot:5    | Reached skill level 22 in Earth Magic
 93067 | Zot:5    | Noticed an ancient lich
 93067 | Zot:5    | Noticed an orb of fire
 93074 | Zot:5    | Noticed an orb of fire
 93085 | Zot:5    | Killed an ancient lich
 93086 | Zot:5    | Killed an orb of fire
 93088 | Zot:5    | Noticed an orb of fire
 93088 | Zot:5    | Killed an orb of fire
 93088 | Zot:5    | Noticed an ancient lich
 93092 | Zot:5    | Killed an orb of fire
 93093 | Zot:5    | Reached skill level 23 in Earth Magic
 93096 | Zot:5    | Reached skill level 1 in Necromancy
 93097 | Zot:5    | Reached skill level 3 in Necromancy
 93282 | Zot:4    | Reached skill level 4 in Necromancy
 93319 | Zot:5    | Reached skill level 5 in Necromancy
 93319 | Zot:5    | Killed an ancient lich
 93399 | Zot:5    | Reached skill level 6 in Necromancy
 93406 | Zot:5    | Reached skill level 11 in Transmutations
 93407 | Zot:5    | Reached skill level 7 in Necromancy
 93565 | Zot:5    | Reached skill level 8 in Necromancy
 93573 | Zot:5    | Reached skill level 9 in Necromancy
 93577 | Zot:5    | HP: 43/241 [golden dragon (23)]
 93583 | Zot:5    | Paralysed by a Zot trap for 5 turns
 93583 | Zot:5    | HP: 44/241 [Orb Guardian (26)]
 93584 | Zot:5    | HP: 14/241 [Orb Guardian (11)]
 93586 | Zot:5    | Mangled by an Orb Guardian

Illustrated notes

Levels and vault maps discovered:
D:1:      dpeg_arrival_boxes_within_box, layout_basic
D:2:      layout_rooms
D:3:      layout_loops_ring, nzn_hepliaklqana_mist_gate
D:4:      layout_basic
D:5:      layout_basic, gammafunk_ghost_split, trog_hazing_becter,
          uniq_eustachio
D:6:      layout_cave_pools, lemuel_doored_altar, kennysheep_doodads,
          minmay_misc_feat_nine_boxes, grunt_ministairs_14,
          trog_ov_bears_minmay, uniq_blork_the_orc, uniq_prince_ribbit1,
          uniq_pikel
D:7:      layout_basic, minmay_temple_entry_nine_rooms, serial_shops,
          nicolae_shop_trees
D:8:      layout_loops_ring, marbit_many_paths, general_overflow_altar,
          gammafunk_ghost_mausoleum, uniq_psyche
D:9:      layout_roguey, nicolae_overflow_crystal_walls, dpeg_oklobed_lair,
          minmay_checkerbox
D:10:     statuecave_lemuel, layout_stronghold, hangedman_fish_farm,
          uniq_erolcha, uniq_gastronok, uniq_maurice, uniq_snorg
D:11:     layout_stronghold, orc_0_dummy, serial_bayou, serial_bayou_shore_b,
          serial_bayou_shore_b, serial_bayou_lagoon_a, serial_bayou_shore_b,
          tgw_xom
D:12:     layout_long_grid, enter_trove_3
D:13:     layout_roguey, basic_altar
D:14:     layout_basic, grunt_vaults_entry_fortified, kennysheep_minor_cross,
          minmay_misc_feat_pillars
D:15:     grunt_enter_depths_snipers, layout_basic, kennysheep_flooded_box,
          nicolae_ru_sacrificial_ziggurat
Temple:   nicolae_temple_elliptical
Lair:1:   layout_chaotic_city, chequers_serial_rivers_large_b,
          beast_lair_carwin_6
Lair:2:   layout_cave_pods, lemuel_old_faithful
Lair:3:   layout_cave_pods, guppyfry_snake_entry_island, beast_lair_carwin_5,
          serial_bayou_shore_a
Lair:4:   layout_gridlike, minmay_shoals_entry_beasts, lemuel_fruit_fields,
          grunt_megastairs_2, infiniplex_staircase_pool_2
Lair:5:   layout_regular_city, basic_altar, beast_lair_carwin_10, uniq_rupert,
          uniq_kirke
Lair:6:   evil_forest, layout_gridlike, dpeg_slime_entry_corner,
          portal_ice_cave_entry_pillars_2, serial_bayou_shore_b
Shoals:1: layout_shoals
Shoals:2: layout_shoals
Shoals:3: layout_shoals, overgrown_tower
Shoals:4: shoals_end_grunt_ice, layout_shoals, serial_shops, shop
Snake:1:  layout_layer_cave, grunt_ministairs_5, uniq_josephine, uniq_aizul,
          uniq_louise
Snake:2:  layout_rooms, lemuel_fruit_tree, minmay_shop_grove
Snake:3:  layout_onion_interference, uniq_vashnia, uniq_agnes
Snake:4:  johnstein_snake_rune_scales, layout_misc_corridors,
          nicolae_snake_squiggles, uniq_donald
Orc:1:    layout_caves, serial_shops, nicolae_shop_window_shopping,
          nicolae_alphabet_shops
Orc:2:    grunt_orc_cross, layout_caves, kennysheep_orc_chapel
Elf:1:    eino_elf_arrival_shootout, layout_rooms,
          hangedman_elven_crosses_minicolossus, st_stairs_7, minmay_shoptagon,
          uniq_roxanne, uniq_azrael
Elf:2:    layout_geoelf_grid, gammafunk_ghost_arena
Elf:3:    elf_hall, layout_geoelf_octagon
Vaults:1: nicolae_vaults_display_case, vaults_room_grunt_arrival_ludios,
          hangedman_vaults_hat, hangedman_vaults_capsules,
          nicolae_vaults_big_ls, nicolae_vaults_ring_of_whatevers, v_misc_29,
          nicolae_vaults_asterisk, hangedman_vaults_restitches,
          vaults_room_grid, v_alt_pattern_1, layout_vaults_maze, serial_shops,
          shop
Vaults:2: ontoclasm_vaults_ligature, nicolae_vaults_little_squares_6,
          nicolae_vaults_triangles, vaults_mumra_hexcomb,
          nicolae_vaults_ring_of_whatevers, vaults_dpeg_diagonal,
          vaults_standard_mumra_enter_the_diamond,
          nicolae_vaults_little_squares_4, v_misc_32, layout_vaults_quadrants,
          serial_shops, nicolae_shop_crystal
Vaults:3: nicolae_vaults_alarming, v_misc_4, minmay_crypt_entry_simple_plaza,
          v_alt_pattern_2, v_misc_25, v_alt_pattern_5, hangedman_vaults_stagger,
          v_misc_23, v_alt_pattern_4, v_alt_pattern_2, v_misc_14,
          vaults_dpeg_hooks, nicolae_vaults_little_squares_1, vaults_room_pools,
          layout_vaults_big_cross
Vaults:4: st_greater_box_5, nicolae_vaults_little_squares_1, v_misc_12,
          v_misc_27, nicolae_vaults_rhombus_6, hangedman_vaults_corner_blocks,
          vaults_room_boxed, hangedman_vaults_stitches, vaults_room_fours,
          layout_vaults_omnibox, serial_shops, shop
Vaults:5
Crypt:1:  layout_catacombs, gammafunk_ghost_arena, uniq_saint_roka
Crypt:2:  layout_basic
Crypt:3:  evilmike_haunted_forest, uniq_frederick
Depths:1: layout_long_grid, hellmouth_3, nicolae_lava_and_water,
          minmay_shattered_shrine
Depths:2: vault_1, layout_cave_pools, serial_glass, glass_columns_a,
          glass_columns_c, pan_entry, hell_entry, minmay_crystal_room,
          infiniplex_staircase_pillars_1
Depths:3: minmay_haunted_quarter, layout_gridville, rand_demon_pan_entry_1,
          roderic_lattice_octagonal_star, hell_entry
Depths:4: due_jory_tower, layout_long_grid, enter_ziggurat_f,
          rand_demon_pan_entry_3, chequers_serial_rivers_small_b,
          abyss_entry_flame_altar, serial_shops, shop, shop,
          nicolae_shop_crystal, kennysheep_little_box, nicolae_shop_crystal,
          hell_entry, infiniplex_staircase_x
Depths:5: hangedman_spin_cycle, hell_entry, uniq_jory
Zot:1:    layout_gridlike, kennysheep_underground_church
Zot:2:    gammafunk_its_a_trap, layout_onion_interference, ebering_ghost_gozag
Zot:3:    layout_concentric_octagons
Zot:4:    layout_cathedral_of_symmetry
Zot:5:    layout_basic, hangedman_zot_decor_checkerboard

Skill      XL: |  1  2  3  4  5  6  7  8  9 10 11 12 13 14 15 16 17 18 19 20 21 22 23 24 25 26 27 |
---------------+----------------------------------------------------------------------------------+-----
Stealth        | 3 4 5 6 7 9 10 11 14 15 | 15.0
Short Blades   | 1 2 3 4 6 7 9 10 | 10.0
Dodging        | 3 4 5 6 8 10 11 14 15 | 15.0
Ice Magic      | 5 6 7 8 13 16 17 19 22 23 24 | 24.1
Fighting       | 2 3 5 6 9 11 14 15 | 15.0
Shields        | 1 4 6 8 11 14 15 | 15.0
Conjurations   | 3 5 6 9 10 | 10.0
Hexes          | 3 5 6 |  6.5
Spellcasting   | 5 10 12 15 | 15.0
Transmutations | 7 10 11 | 11.7
Polearms       | 3 7 9 12 | 12.0
Earth Magic    | 3 9 10 23 | 23.0
Necromancy     | 9 |  9.3

Action                   |  1- 3 |  4- 6 |  7- 9 | 10-12 | 13-15 | 16-18 | 19-21 | 22-24 | 25-27 || total
-------------------------+-------+-------+-------+-------+-------+-------+-------+-------+-------++-------
Melee: Mace              |     7 |       |       |       |       |       |       |       |       ||     7
       Constrict         |    16 |    29 |    40 |    52 |    51 |     5 |     5 |    31 |   130 ||   359
       Dagger            |    64 |   213 |   383 |   587 |   977 |    80 |    91 |    50 |     6 ||  2451
       Tentacles         |    12 |    31 |    71 |   136 |   266 |    33 |    38 |   137 |   426 ||  1150
       Staff             |       |       |       |       |     1 |    28 |     4 |     3 |       ||    36
       Lance             |       |       |       |       |       |       |    41 |   551 |  1679 ||  2271
Throw: Stone             |    56 |       |    28 |    14 |    23 |       |       |       |       ||   121
 Cast: Ozocubu's Armour  |       |       |    10 |    21 |    29 |     1 |     7 |     9 |       ||    77
       Dazzling Flash    |       |       |       |    77 |   164 |     3 |    11 |     1 |       ||   256
       Frozen Ramparts   |       |       |       |     1 |       |       |       |       |       ||     1
       Ozocubu's Refrige |       |       |       |       |   127 |   348 |   257 |   309 |   134 ||  1175
       Irradiate         |       |       |       |       |       |       |     8 |    19 |     8 ||    35
       Absolute Zero     |       |       |       |       |       |       |       |    20 |    32 ||    52
       Statue Form       |       |       |       |       |       |       |       |     9 |    98 ||   107
       Shatter           |       |       |       |       |       |       |       |       |     4 ||     4
Invok: Call Merchant     |       |       |       |     1 |     1 |     3 |     1 |       |     3 ||     9
       Potion Petition   |       |       |       |       |       |       |       |       |     1 ||     1
Evoke: Wand              |       |       |     6 |    48 |     9 |       |       |       |       ||    63
       Condenser vane    |       |       |       |     1 |     1 |       |       |       |       ||     2
       Lightning rod     |       |       |       |       |     4 |       |       |       |       ||     4
  Use: Scroll            |       |    11 |     2 |    13 |    11 |    10 |     8 |    12 |    24 ||    91
       Potion            |       |     3 |       |     4 |     3 |       |     3 |       |     1 ||    14
 Stab: Sleeping          |     6 |     5 |    19 |    29 |    44 |    23 |     6 |    56 |    52 ||   240
       Distracted        |       |       |     1 |     4 |     6 |     3 |     1 |    10 |    29 ||    54
       Invisible         |       |       |       |    44 |    99 |       |     7 |     2 |       ||   152
       Paralysed         |       |       |       |     1 |       |       |       |       |       ||     1
       Petrifying        |       |       |       |     1 |     1 |       |       |       |       ||     2
       Petrified         |       |       |       |     1 |       |       |       |       |       ||     1
Armor: Skin              |    10 |    32 |    50 |    72 |   165 |    13 |    25 |    68 |   308 ||   743
Dodge: Dodged            |    31 |   106 |   189 |   290 |   817 |    84 |   141 |   283 |   736 ||  2677
Block: Buckler           |       |       |    31 |    88 |   264 |    32 |    71 |    77 |       ||   563
       Kite shield       |       |       |       |       |       |       |       |   199 |   910 ||  1109
       Reflection        |       |       |       |       |       |       |       |    16 |    37 ||    53
       Rpst.: Long sword |       |       |       |       |     2 |       |       |       |       ||     2

Table legend: (Time is in decaauts)
 A = Elapsed time spent in this place.
 B = Non-inter-level travel time spent in this place.
 C = Inter-level travel time spent in this place.
 D = Time resting spent in this place.
 E = Time spent auto-exploring this place.
 F = Levels seen in this place.
 G = Mean time per level.
                   A        B        C        D        E       F      G
               +--------+--------+--------+--------+--------+-----+--------+
         Total |  98576 |  90920 |   7656 |  19716 |  54627 |  55 | 1792.3 |
       Dungeon |  23546 |  20730 |   2816 |   4703 |  12574 |  15 | 1569.7 |
        Temple |     68 |     55 |     13 |      0 |     51 |   1 |   68.0 |
          Lair |  12990 |  11838 |   1152 |   2851 |   6284 |   6 | 2165.0 |
        Shoals |   6418 |   6192 |    226 |   1422 |   4075 |   4 | 1604.5 |
     Snake Pit |   8027 |   7772 |    255 |   1564 |   5473 |   4 | 2006.8 |
  Orcish Mines |   2757 |   2496 |    261 |    493 |   1506 |   2 | 1378.5 |
   Elven Halls |   4793 |   4571 |    222 |   1204 |   2483 |   3 | 1597.7 |
        Vaults |  15024 |  13781 |   1243 |   3379 |   7973 |   5 | 3004.8 |
         Crypt |   5648 |   5371 |    277 |    756 |   3433 |   3 | 1882.7 |
        Depths |  11648 |  10807 |    841 |   2316 |   6445 |   5 | 2329.6 |
           Zot |   6063 |   5717 |    346 |    580 |   3879 |   5 | 1212.6 |
         Trove |    126 |    126 |      0 |      0 |     75 |   1 |  126.0 |
      Ice Cave |   1462 |   1462 |      0 |    446 |    372 |   1 | 1462.0 |
               +--------+--------+--------+--------+--------+-----+--------+

Top non-repeatable levels by time:
Vaults:1: 3431 daAuts
Vaults:4: 3159 daAuts
Depths:2: 3028 daAuts
Vaults:5: 3023 daAuts
Vaults:3: 2806 daAuts
 Crypt:3: 2780 daAuts
    D:14: 2707 daAuts
  Lair:6: 2612 daAuts
Vaults:2: 2603 daAuts
  Lair:5: 2498 daAuts
 Snake:1: 2488 daAuts
 Snake:3: 2443 daAuts
  Lair:3: 2439 daAuts
Depths:5: 2424 daAuts
    D:10: 2374 daAuts

Table legend:
 A = Kills in this place as a percentage of kills in entire the game.
 B = Kills by you in this place as a percentage of kills by you in the entire game.
 C = Kills by friends in this place as a percentage of kills by friends in the entire game.
 D = Other kills in this place as a percentage of other kills in the entire game.
 E = Experience gained in this place as a percentage of experience gained in the entire game.
 F = Experience gained in this place divided by the number of levels of this place that you have seen.
                   A       B       C       D       E      F
               +-------+-------+-------+-------+-------+----------------------
         Total | 100.0 | 100.0 |   N/A | 100.0 | 100.0 | 31709.8
       Dungeon |  16.3 |  16.5 |   N/A |   0.0 |   3.7 | 4305.1
          Lair |   8.9 |   9.0 |   N/A |   0.0 |   4.2 | 12202.2
        Shoals |   6.3 |   6.4 |   N/A |   0.0 |   4.8 | 20800.2
     Snake Pit |   7.2 |   7.3 |   N/A |   0.0 |   6.1 | 26634.5
  Orcish Mines |   4.8 |   4.9 |   N/A |   0.0 |   1.0 | 8354.0
   Elven Halls |   6.5 |   5.3 |   N/A |  94.1 |   7.3 | 42296.3
        Vaults |  17.3 |  17.5 |   N/A |   2.9 |  22.8 | 79367.2
         Crypt |   8.3 |   8.4 |   N/A |   0.0 |   9.3 | 53874.3
        Depths |  15.5 |  15.8 |   N/A |   0.0 |  18.8 | 65442.8
           Zot |   6.8 |   6.8 |   N/A |   2.9 |  21.9 | 76226.8
      Ice Cave |   2.1 |   2.2 |   N/A |   0.0 |   0.4 | 6105.0
               +-------+-------+-------+-------+-------+----------------------
